 Dungeon Crawl Stone Soup version 0.19-a0-1049-g462a813 (webtiles) character file.

198 Gagarin the Chiller (level 5, -7/39 HPs)
             Began as a Draconian Ice Elementalist on July 31, 2016.
             Mangled by a wyvern skeleton (15 damage)
             ... on level 3 of the Dungeon.
             The game lasted 00:16:44 (3399 turns).

Gagarin the Chiller (Draconian Ice Elementalist)    Turns: 3399, Time: 00:16:45

Health: -7/39      AC:  6    Str: 10    XL:     5   Next: 47%
Magic:  6/10       EV: 13    Int: 16    God:
Gold:   69         SH:  0    Dex: 12    Spells: 3 memorised, 4 levels left

rFire  . . .     SeeInvis .     (no weapon)
rCold  . . .     Gourm    .     (armour unavailable)
rNeg   . . .     Faith    .     (no shield)
rPois  .         Spirit   .     (helmet restricted)
rElec  .         Dismiss  .     (no cloak)
rCorr  .         Reflect  .     (no gloves)
SustAt .         Harm     .     r - +0 pair of boots
MR     .....                    (no amulet)
Stlth  ++........               (no ring)
                                (no ring)

@: drained, not resistant to hostile enchantments, unstealthy
A: unfitting armour, cold-blooded, AC +5
a: no special abilities


You were on level 3 of the Dungeon.
You were not hungry.

You visited 1 branch of the dungeon, and saw 3 of its levels.

You collected 69 gold pieces.

Inventory:

Missiles
 i - 10 bolts
Armour
 r - a +0 pair of boots (worn)
Jewellery
 p - an uncursed amulet of dismissal
Scrolls
 d - a scroll of remove curse
 e - 2 scrolls of identify
 g - a scroll of magic mapping {unknown}
 h - a scroll of recharging {unknown}
 j - a scroll of amnesia {unknown}
 k - 2 scrolls of fear {unknown}
 m - a scroll of enchant weapon {unknown}
Potions
 f - a potion of magic
 n - a potion of agility {unknown}
 q - a potion of lignification {unknown}
 t - a potion of mutation {unknown}
Books
 a - a book of Frost

   Spells                             Type                      Level
   a - Freeze                         Ice                          1
   b - Throw Frost                    Conjuration/Ice              2
   c - Ozocubu's Armour               Charms/Ice                   3
   d - Throw Icicle                   Conjuration/Ice              4
   e - Summon Ice Beast               Ice/Summoning                4
Comestibles
 b - a bread ration
 o - 2 meat rations
 s - 8 chunks of flesh


   Skills:
 + Level 0.7(0.4) Fighting
 + Level 3.0(2.8) Dodging
 + Level 1.7(1.5) Stealth
 + Level 3.4(3.2) Spellcasting
 + Level 1.0(0.7) Conjurations
 + Level 0.5(0.2) Charms
 + Level 4.3(4.0) Ice Magic


You had 4 spell levels left.
You knew the following spells:

 Your Spells              Type           Power        Failure   Level  Hunger
a - Freeze                Ice            ###.         4%          1    None
b - Throw Frost           Conj/Ice       ##....       12%         2    ##.....
c - Ozocubu's Armour      Chrm/Ice       #.......     28%         3    ###....


Dungeon Overview and Level Annotations

Branches:
Dungeon (3/15)

Altars:
Dithmenos
Trog


Innate Abilities, Weirdness & Mutations

Your plain brown scales are hard. (AC +5)
Your body does not fit into most forms of armour.
You are cold-blooded and may be slowed by cold attacks.


Message History

* * * LOW HITPOINT WARNING * * *
Okay, then.
As you read the scroll labeled IHETHEL VOULO, it crumbles to dust.
You feel blessed for a moment.
It was a scroll of remove curse.
The wyvern skeleton barely misses you. The wyvern skeleton bites you.
* * * LOW HITPOINT WARNING * * *
It was a potion of cure mutation.
It has a very clean taste.
The wyvern skeleton completely misses you.
It was a potion of heal wounds.
You feel much better. The wyvern skeleton bites you!
* * * LOW HITPOINT WARNING * * *
The wyvern skeleton closely misses you.
The wyvern skeleton bites you but does no damage.
The wyvern skeleton closely misses you. The wyvern skeleton closely misses you.
Your magical contamination has completely faded away.
The wyvern skeleton bites you.
* * * LOW HITPOINT WARNING * * *
The wyvern skeleton bites you!
You die...

#...####.# ... #.###
#.### ... ####.# #...##
#.# #....# ###..## #.#
#....# ##..# #.######
#....# ##.######.......
#....#### ###.........#
#.[.....# ##...##.###.##
#.....#.####@Z####.###.#
####.....รท...## #..>#.#
#...<###>## ###.#.#
#....# #...# #.#.#
#.#.## ###.# #...# #.#..
..# ###.# #.#... )# #.(.
#.##.. .. #.#.$. ## .#
#.###...


You could see a wyvern skeleton.

Vanquished Creatures
  Ijyb (D:2)
  An orc wizard (D:2)
  Robin (D:2)
  5 adders
  A worm (D:2)
  3 dart slugs (D:2)
  A giant gecko (D:1)
  7 orcs
  2 giant cockroaches
  12 goblins
  13 hobgoblins
  4 jackals (D:1)
  8 bats
  2 giant newts
  6 kobolds
  7 rats
74 creatures vanquished.

Notes
Turn   | Place    | Note
-------+----------+-------------------------------------------
     0 | D:1      | Gagarin the Draconian Ice Elementalist began the quest for the Orb.
     0 | D:1      | Reached XP level 1. HP: 14/14 MP: 3/3
   153 | D:1      | Reached XP level 2. HP: 20/20 MP: 3/5
   212 | D:1      | Learned a level 2 spell: Throw Frost
   873 | D:1      | Reached XP level 3. HP: 21/26 MP: 0/6
  1055 | D:1      | Learned a level 3 spell: Ozocubu's Armour
  1323 | D:2      | Found a bloodstained altar of Trog.
  1347 | D:2      | Noticed Robin
  1511 | D:2      | Found a shadowy altar of Dithmenos.
  1561 | D:2      | Killed Robin
  1791 | D:2      | Reached XP level 4. HP: 34/34 MP: 5/7
  2956 | D:3      | Noticed Ijyb
  3010 | D:2      | Reached skill level 4 in Ice Magic
  3010 | D:2      | Reached XP level 5. HP: 32/39 MP: 4/9
  3083 | D:2      | Killed Ijyb
  3399 | D:3      | Mangled by a wyvern skeleton

Vault maps used:
D:1:      dpeg_arrival_simpleton_a, st_stairs_9, minmay_pentomino_x4
D:2:      grunt_dithmenos_smoke_and_mirrors, bloody_trog, uniq_natasha,
          uniq_robin
D:3:      uniq_iyjb

Skill      XL: |  1  2  3  4 |
---------------+-------------+-----
Dodging        | 2 3 |  3.0
Spellcasting   | 3 |  3.4
Ice Magic      | 4 |  4.3
Fighting       | |  0.7
Stealth        | |  1.7
Conjurations   | |  1.0
Charms         | |  0.5

Action                   |  1- 3 |  4- 6 || total
-------------------------+-------+-------++-------
Melee: Unarmed           |    95 |    30 ||   125
       Tailslap          |     7 |     3 ||    10
 Cast: Freeze            |    61 |    71 ||   132
       Throw Frost       |     2 |     2 ||     4
       Ozocubu's Armour  |       |     3 ||     3
  Use: Scroll            |     1 |     1 ||     2
       Potion            |       |     3 ||     3
  Eat: Chunk             |     4 |     6 ||    10
Armor: Skin              |    61 |    23 ||    84
Dodge: Dodged            |   101 |    63 ||   164
